 Dungeon Crawl Stone Soup version 0.22-a0-292-g0df9d5f48d (webtiles) character file.

34 Flugkiller the Ruffian (level 3, -1/31 HPs)
             Began as a Naga Transmuter on Mar 23, 2018.
             Slain by a hobgoblin
             ... wielding a +0 club
              (4 damage)
             ... on level 2 of the Dungeon.
             The game lasted 00:02:10 (1847 turns).

Flugkiller the Ruffian (Naga Transmuter)            Turns: 1847, Time: 00:02:10

Health: -1/31      AC:  2    Str: 13    XL:     3   Next: 31%
Magic:  9/15       EV: 10    Int: 13    God:
Gold:   82         SH:  0    Dex: 11    Spells: 3/6 levels left

rFire    . . .     SeeInvis +     - Unarmed
rCold    . . .     Gourm    .   (no shield)
rNeg     . . .     Faith    .   b - +0 robe
rPois    +         Spirit   .   (no helmet)
rElec    .         Reflect  .   (no cloak)
rCorr    .         Harm     .   (no gloves)
MR       .....                  (no barding)
Stlth    +.........             (no amulet)
HPRegen  0.10/turn              n - ring of wizardry
MPRegen  0.14/turn              m - ring of magical power

@: short of breath, very slightly contaminated, very slow
A: large, see invisible, deformed body, poison resistance, slowness 2, slow
metabolism 1, spit poison 1, AC +1
a: Spit Poison


You were on level 2 of the Dungeon.
You were hungry.

You visited 1 branch of the dungeon, and saw 2 of its levels.

You collected 82 gold pieces.

Inventory:

Missiles
 a - 6 arrows
Armour
 b - a +0 robe (worn)
 e - a +0 buckler
Jewellery
 m - a ring of magical power (right hand)
 n - a ring of wizardry (left hand)
Scrolls
 f - a scroll of identify {unknown}
 h - a scroll of remove curse {unknown}
 i - 2 scrolls of fear {unknown}
 j - 2 scrolls of teleportation {unknown}
 l - a scroll of blinking {unknown}
Potions
 c - a potion of mutation {unknown}
 g - a potion of lignification {unknown}
 k - a potion of curing {unknown}
Comestibles
 d - 2 rations


   Skills:
 - Level 1.0 Fighting
 - Level 1.5 Dodging
 + Level 4.3 Unarmed Combat
 - Level 2.0 Spellcasting
 - Level 2.0 Transmutations


You had 3 spell levels left.
You knew the following spells:

 Your Spells              Type           Power        Failure   Level  Hunger
a - Beastly Appendage     Tmut           #.....       4%          1    ##.....
b - Sticks to Snakes      Tmut           #.......     7%          2    ###....


Dungeon Overview and Level Annotations

Branches:
Dungeon (2/15)

Altars:


Innate Abilities, Weirdness & Mutations

You cannot wear boots.
Your serpentine skin is tough. (AC +1)
You have supernaturally acute eyesight. (SInv)
Armour fits poorly on your strangely shaped body.
Your system is resistant to poisons. (rPois)
You cover ground very slowly.
You have a slow metabolism.
You can spit poison.


Message History

The gnoll escapes!
The gnoll barely misses you. The gnoll misses your ball python.
The gnoll hits your ball python with a club!
Your ball python dies!
Okay, then.
Okay, then.
Drop what? 14/52 slots (_ for help) (? for menu, Esc to quit)
Okay, then.
Okay, then.
You have got your breath back.
The gnoll hits you with a flail.
* * * LOW HITPOINT WARNING * * *
Press: ? - help, Shift-Dir - straight line, f/p - gnoll
Aim: a gnoll, wielding a flail (moderately wounded)
The splash of poison hits the gnoll.
The gnoll appears unharmed.
The gnoll is moderately wounded.
You feel slightly more hungry. The gnoll hits you with a flail.
* * * LOW HITPOINT WARNING * * *
The hobgoblin hits you with a club.
You die...

#.........#..##..
.#.........#.....
...%........>..##############
............................#
......g................####.#
..........................#.#
##########'#...#######.##.#.#
#.......#.....<.##.#.#
#.....g.#@#####.##.#.#
#.....ggg...# #.##.#.#
#.....#.#.#.###.##.#(#
#.....#.#.#.....##.#.#
########.....#.#..........#.#
#............#............#.#
#........#'#.############.#.#
#........#'#..)...........#.#
#............##############.#


You could see 2 gnolls and a hobgoblin.

Vanquished Creatures
  A dart slug (D:2)
  3 giant cockroaches (D:1)
  2 goblins
  2 hobgoblins (D:1)
  A quokka (D:2)
  4 bats
  3 kobolds
  10 rats (D:1)
26 creatures vanquished.

Vanquished Creatures (collateral kills)
  An adder (D:2)
  A goblin (D:2)
2 creatures vanquished.

Grand Total: 28 creatures vanquished

Notes
Turn   | Place    | Note
-------+----------+-------------------------------------------
     0 | D:1      | Flugkiller the Naga Transmuter began the quest for the Orb.
     0 | D:1      | Reached XP level 1. HP: 18/18 MP: 3/3
   340 | D:1      | Reached XP level 2. HP: 23/25 MP: 5/5
   956 | D:1      | Learned a level 2 spell: Sticks to Snakes
  1170 | D:2      | Reached skill level 4 in Unarmed Combat
  1494 | D:2      | Reached XP level 3. HP: 26/31 MP: 6/6
  1847 | D:2      | Slain by a hobgoblin

Vault maps used:
D:1:      ncdulo_smallfort, minmay_rat_gold_closets
D:2:      minmay_diamond_boxcup, nemelex_altar_shiori,
          lemuel_zombie_altar_yredelemnul

Skill      XL: |  1  2 |
---------------+-------+-----
Unarmed Combat | 4 |  4.3
Fighting       | |  1.0
Dodging        | |  1.5
Spellcasting   | |  2.0
Transmutations | |  2.0

Action                   || total
-------------------------++-------
Melee: Unarmed           ||    76
       Headbutt          ||     6
 Cast: Beastly Appendage ||    21
       Sticks to Snakes  ||     6
 Abil: Spit Poison       ||     4
  Eat: Chunk             ||     2
Armor: Robe              ||     8
Dodge: Dodged            ||    36

Table legend:
 A = Spawn XP
 B = Non-spawn XP
 C = Spawn XP percentage of total XP
 D = Spawn monster count
 E = Non-spawn monster count
 F = Spawn count percentage of total count
 G = Total turns spent on level
                    A         B        C        D         E        F      G
               +---------+---------+-------+---------+---------+-------+---------
         Total |       0 |      49 |   0.0 |       0 |      28 |   0.0 |  1847
               +---------+---------+-------+---------+---------+-------+---------
           D:1 |       0 |      28 |   0.0 |       0 |      21 |   0.0 |  1346
           D:2 |       0 |      21 |   0.0 |       0 |       7 |   0.0 |   501
               +---------+---------+-------+---------+---------+-------+---------
